PL
D.C. DIVIDED @ RICHARDSON CITY THUNDERCATS
06/30/2025
 
TOP OF THE 1ST
D.C. Divided batting - Pitching for Richardson City Thundercats : LHP Jesús Gonzáles
Pitching: LHP Jesús Gonzáles
Batting: LHB Charles Mathes 0-0: Called Strike
0-1: Swinging Strike
0-2: Foul Ball, location: 2F
0-2: Foul Ball, location: 2F
0-2: Ball
1-2: Ball
2-2: Foul Ball, location: 2F
2-2: Strikes out swinging
Batting: LHB Mike Gardner 0-0: Ball
1-0: Foul Ball, location: 2F
1-1: Swinging Strike
1-2: SOLO HOME RUN (Flyball, 9LD), Distance : 342 ft
Batting: LHB Ray Sears 0-0: Swinging Strike
0-1: Ball
1-1: Foul Ball, location: 2F
1-2: Foul Ball, location: 2F
1-2: Foul Ball, location: 2F
1-2: Ground out 4-3 (Groundball, 4)
Batting: RHB Wilfred McLaughlin 0-0: Ball
1-0: Ball
2-0: Foul Ball, location: 2F
2-1: Ball
3-1: Swinging Strike
3-2: Base on Balls
Batting: RHB Cristo González 0-0: Foul Ball, location: 2F
0-1: Ball
1-1: Foul Ball, location: 2F
1-2: TRIPLE (Groundball, 3L)
Wilfred McLaughlin scores
Batting: RHB Mario Castillo 0-0: Ball
1-0: Called Strike
Steal of home, Cristo González is safe
1-1: Ball
2-1: Ball
3-1: Base on Balls
Batting: RHB Lúcio López 0-0: Called Strike
0-1: Foul Ball, location: 2F
0-2: Ball
1-2: Ball
2-2: Strikes out looking
Top of the 1st over - 3 run(s), 2 hit(s), 0 error(s), 1 left on base; D.C. 3 - Richardson City 0
BOTTOM OF THE 1ST
Richardson City Thundercats batting - Pitching for D.C. Divided : RHP Yoriyoshi Yamamoto
Pitching: RHP Yoriyoshi Yamamoto
Batting: RHB Chriss Mann 0-0: Ball
1-0: Foul Ball, location: 2F
1-1: Called Strike
1-2: Ball
2-2: Ball
3-2: Foul Ball, location: 2F
3-2: Foul Ball, location: 2F
3-2: Ground out 6-3 (Groundball, 6M)
Batting: RHB Juan Cabrera 0-0: Called Strike
0-1: SINGLE (Groundball, 6MD)
Batting: LHB Terrence Eler 0-0: Foul Ball, location: 2F
0-1: Ball
Wild Pitch!
Juan Cabrera to second
1-1: SINGLE (Flyball, 7S)
Juan Cabrera to third
Runner from 3rd tries for Home, SAFE, no throw
Batting: SHB Seishiro Nishimura 0-0: Called Strike
0-1: Foul Ball, location: 2F
0-2: Strikes out looking
Batting: LHB Eduardo Álvarez 0-0: Ball
1-0: Swinging Strike
1-1: Foul Ball, location: 2F
1-2: Ball
2-2: Ball
3-2: Foul Ball, location: 2F
3-2: Strikes out looking
Bottom of the 1st over - 1 run(s), 2 hit(s), 0 error(s), 1 left on base; D.C. 3 - Richardson City 1
TOP OF THE 2ND
D.C. Divided batting - Pitching for Richardson City Thundercats : LHP Jesús Gonzáles
Batting: LHB Tony Dyer 0-0: Ground out 4-3 (Groundball, 4M)
Batting: RHB Tony Romero 0-0: Fly out, F4 (Line Drive, 4)
Batting: LHB Charles Mathes 0-0: Ball
1-0: Called Strike
1-1: Fly out, F9 (Flyball, 89S)
Top of the 2nd over - 0 run(s), 0 hit(s), 0 error(s), 0 left on base; D.C. 3 - Richardson City 1
BOTTOM OF THE 2ND
Richardson City Thundercats batting - Pitching for D.C. Divided : RHP Yoriyoshi Yamamoto
Batting: SHB Mitch Qualtrough 0-0: Ball
1-0: DOUBLE (Line Drive, 9LM)
Batting: RHB Nate Cates 0-0: Foul Ball, location: 2F
0-1: Called Strike
0-2: Strikes out looking
Batting: RHB Joey Jones 0-0: SINGLE (Flyball, 8LS)
Mitch Qualtrough to third
Runner from 3rd tries for Home, SAFE, no throw
Batting: LHB Fernando Ramírez 0-0: Called Strike
Joey Jones steals 2nd base
0-1: DOUBLE (Line Drive, 8RXD)
Joey Jones scores
Batting: RHB Chriss Mann 0-0: Ball
1-0: Ball
2-0: Called Strike
2-1: Foul Ball, location: 2F
2-2: Ground out 5-3 (Groundball, 56)
Batting: RHB Juan Cabrera 0-0: Ball
1-0: Called Strike
1-1: Ground out 5-3 (Groundball, 56)
Bottom of the 2nd over - 2 run(s), 3 hit(s), 0 error(s), 1 left on base; D.C. 3 - Richardson City 3
TOP OF THE 3RD
D.C. Divided batting - Pitching for Richardson City Thundercats : LHP Jesús Gonzáles
Batting: LHB Mike Gardner 0-0: Ball
1-0: Called Strike
1-1: Ball
2-1: Foul Ball, location: 2F
2-2: DOUBLE (Line Drive, 78S)
Batting: LHB Ray Sears 0-0: Called Strike
0-1: Ball
1-1: Foul Ball, location: 2F
1-2: Ball
2-2: Foul Ball, location: 2F
2-2: 2-RUN HOME RUN (Flyball, 9D), Distance : 369 ft
Batting: RHB Wilfred McLaughlin 0-0: Foul Ball, location: 2F
0-1: Foul Ball, location: 2F
0-2: Ground out U3 (Groundball, 34S)
Batting: RHB Cristo González 0-0: Ball
1-0: Ball
2-0: SINGLE (Line Drive, 56)
Batting: RHB Mario Castillo 0-0: Swinging Strike
0-1: Ball
Wild Pitch!
Cristo González to second
1-1: Ground out 6-3 (Groundball, 6)
Batting: RHB Lúcio López 0-0: Foul Ball, location: 2F
0-1: Called Strike
0-2: Ball
1-2: Foul Ball, location: 2F
1-2: Strikes out swinging
Top of the 3rd over - 2 run(s), 3 hit(s), 0 error(s), 1 left on base; D.C. 5 - Richardson City 3
BOTTOM OF THE 3RD
Richardson City Thundercats batting - Pitching for D.C. Divided : RHP Yoriyoshi Yamamoto
Batting: LHB Terrence Eler 0-0: Called Strike
0-1: SINGLE (Groundball, 34D)
Batting: SHB Seishiro Nishimura 0-0: Fly out, F8 (Flyball, 8LD)
Batting: LHB Eduardo Álvarez 0-0: Swinging Strike
0-1: Ball
1-1: SINGLE (Line Drive, 7S)
Terrence Eler to second
Batting: SHB Mitch Qualtrough 0-0: Called Strike
0-1: Ground out 3-1 (Groundball, 3S)
Terrence Eler to third
Eduardo Álvarez to second
Batting: RHB Nate Cates 0-0: Ball
1-0: Called Strike
1-1: Foul Ball, location: 2F
1-2: Strikes out swinging
Bottom of the 3rd over - 0 run(s), 2 hit(s), 0 error(s), 2 left on base; D.C. 5 - Richardson City 3
TOP OF THE 4TH
D.C. Divided batting - Pitching for Richardson City Thundercats : LHP Jesús Gonzáles
Batting: LHB Tony Dyer 0-0: Ball
1-0: Ground out 6-3 (Groundball, 6)
Batting: RHB Tony Romero 0-0: Ball
1-0: Ball
2-0: Ground out 4-3 (Groundball, 4)
Batting: LHB Charles Mathes 0-0: Ball
1-0: Called Strike
1-1: Fly out, F4 (Popup, 4D)
Top of the 4th over - 0 run(s), 0 hit(s), 0 error(s), 0 left on base; D.C. 5 - Richardson City 3
BOTTOM OF THE 4TH
Richardson City Thundercats batting - Pitching for D.C. Divided : RHP Yoriyoshi Yamamoto
Batting: RHB Joey Jones 0-0: Ball
1-0: Ball
2-0: Called Strike
2-1: Swinging Strike
2-2: Ball
3-2: Strikes out looking
Batting: LHB Fernando Ramírez 0-0: Fly out, F7 (Flyball, 7S)
Batting: RHB Chriss Mann 0-0: Ball
1-0: Foul Ball, location: 2F
1-1: Ball
2-1: Fly out, F8 (Line Drive, 8LD)
Bottom of the 4th over - 0 run(s), 0 hit(s), 0 error(s), 0 left on base; D.C. 5 - Richardson City 3
TOP OF THE 5TH
D.C. Divided batting - Pitching for Richardson City Thundercats : LHP Jesús Gonzáles
Pitching: RHP Emílio Zaragoza
Batting: LHB Mike Gardner 0-0: Ball
1-0: Ball
2-0: Ball
3-0: Called Strike
3-1: Base on Balls
Batting: LHB Ray Sears 0-0: Fielders Choice at 2nd, 5-4 (Groundball, 56)
Batting: RHB Wilfred McLaughlin 0-0: Ball
1-0: Ball
2-0: SINGLE (Groundball, 13S) (infield hit)
Ray Sears to second
Batting: RHB Cristo González 0-0: Ball
1-0: Ball
2-0: Ball
3-0: Foul Ball, location: 2F
3-1: Called Strike
3-2: Strikes out swinging
Batting: RHB Mario Castillo 0-0: Called Strike
0-1: Ball
1-1: Ball
2-1: Fly out, F8 (Flyball, 8LM)
Top of the 5th over - 0 run(s), 1 hit(s), 0 error(s), 2 left on base; D.C. 5 - Richardson City 3
BOTTOM OF THE 5TH
Richardson City Thundercats batting - Pitching for D.C. Divided : RHP Yoriyoshi Yamamoto
Batting: RHB Juan Cabrera 0-0: Ball
1-0: Ball
2-0: Reached on error, E3 (Groundball, 34S)
Batting: LHB Terrence Eler 0-0: SINGLE (Line Drive, 3D)
Juan Cabrera to second
Batting: SHB Seishiro Nishimura 0-0: Ball
1-0: Swinging Strike
1-1: Foul Ball, location: 2F
1-2: 3-RUN HOME RUN (Flyball, 78XD), Distance : 391 ft
Batting: LHB Eduardo Álvarez 0-0: Ball
1-0: Called Strike
1-1: Called Strike
1-2: Strikes out swinging
Batting: SHB Mitch Qualtrough 0-0: Ball
1-0: Ground out 4-3 (Groundball, 34D)
Batting: RHB Nate Cates 0-0: Called Strike
0-1: Ball
1-1: Swinging Strike
1-2: Ball
2-2: Fly out, F6 (Line Drive, 6)
Bottom of the 5th over - 3 run(s), 2 hit(s), 1 error(s), 0 left on base; D.C. 5 - Richardson City 6
TOP OF THE 6TH
D.C. Divided batting - Pitching for Richardson City Thundercats : RHP Emílio Zaragoza
Batting: RHB Lúcio López 0-0: Called Strike
0-1: SINGLE (Groundball, 6MD)
Batting: LHB Tony Dyer 0-0: Bunt missed!
0-1: Bunted foul
0-2: Ball
1-2: Grounds into double play, 6-4-3 (Groundball, 6)
Batting: RHB Tony Romero 0-0: Called Strike
0-1: Called Strike
0-2: Ball
1-2: Strikes out swinging
Top of the 6th over - 0 run(s), 1 hit(s), 0 error(s), 0 left on base; D.C. 5 - Richardson City 6
BOTTOM OF THE 6TH
Richardson City Thundercats batting - Pitching for D.C. Divided : RHP Yoriyoshi Yamamoto
Batting: RHB Joey Jones 0-0: Foul Ball, location: 2F
0-1: Ball
1-1: Fly out, F6 (Line Drive, 6)
Batting: LHB Fernando Ramírez 0-0: Ball
1-0: Fly out, F8 (Flyball, 78M)
Batting: RHB Chriss Mann 0-0: SINGLE (Groundball, 56D)
Batting: RHB Juan Cabrera 0-0: Ground out 5-3 (Groundball, 56S)
Bottom of the 6th over - 0 run(s), 1 hit(s), 0 error(s), 1 left on base; D.C. 5 - Richardson City 6
TOP OF THE 7TH
D.C. Divided batting - Pitching for Richardson City Thundercats : RHP Emílio Zaragoza
Batting: LHB Charles Mathes 0-0: Called Strike
0-1: Swinging Strike
0-2: Strikes out swinging
Batting: LHB Mike Gardner 0-0: Ball
1-0: Called Strike
1-1: Foul Ball, location: 2F
1-2: Strikes out swinging, 2-3 out at first.
Batting: LHB Ray Sears 0-0: Ball
1-0: Ball
2-0: Ball
3-0: Called Strike
3-1: Called Strike
3-2: Foul Ball, location: 2F
3-2: Foul Ball, location: 2F
3-2: Foul Ball, location: 2F
3-2: Foul Ball, location: 2F
3-2: Fly out, F8 (Flyball, 8RXD)
Top of the 7th over - 0 run(s), 0 hit(s), 0 error(s), 0 left on base; D.C. 5 - Richardson City 6
BOTTOM OF THE 7TH
Richardson City Thundercats batting - Pitching for D.C. Divided : RHP Yoriyoshi Yamamoto
Batting: LHB Terrence Eler 0-0: Ground out 4-3 (Groundball, 4M)
Batting: SHB Seishiro Nishimura 0-0: Foul Ball, location: 2F
0-1: Fly out, F8 (Flyball, 8LD)
Batting: LHB Eduardo Álvarez 0-0: Ball
1-0: Ball
2-0: Ball
3-0: Called Strike
3-1: Base on Balls
Batting: SHB Mitch Qualtrough 0-0: Ball
1-0: Foul Ball, location: 2F
1-1: Ball
2-1: Ground out 6-3 (Groundball, 6M)
Bottom of the 7th over - 0 run(s), 0 hit(s), 0 error(s), 1 left on base; D.C. 5 - Richardson City 6
TOP OF THE 8TH
D.C. Divided batting - Pitching for Richardson City Thundercats : RHP Emílio Zaragoza
Pitching: LHP Javier Ramírez
Batting: RHB Wilfred McLaughlin 0-0: Ball
1-0: Foul Ball, location: 2F
1-1: Swinging Strike
1-2: Ground out 1-3 (Groundball, P)
Pitching: RHP Juan Cruz
Batting: RHB Cristo González 0-0: Called Strike
0-1: SINGLE (Flyball, 6MD)
Batting: RHB Mario Castillo 0-0: Ball
1-0: Called Strike
1-1: Ball
2-1: Fly out, F8 (Flyball, 8LM)
Batting: RHB Lúcio López 0-0: Ball
1-0: Ball
2-0: Fielders Choice at 2nd, U6 (Groundball, 6M)
Top of the 8th over - 0 run(s), 1 hit(s), 0 error(s), 1 left on base; D.C. 5 - Richardson City 6
BOTTOM OF THE 8TH
Richardson City Thundercats batting - Pitching for D.C. Divided : RHP Yoriyoshi Yamamoto
Batting: RHB Nate Cates 0-0: Ball
1-0: Ball
2-0: Swinging Strike
2-1: Ball
3-1: Ground out 6-3 (Groundball, 6)
Batting: RHB Joey Jones 0-0: Ball
1-0: Ball
2-0: Called Strike
2-1: Ball
3-1: Foul Ball, location: 2F
3-2: Fly out, F9 (Flyball, 89M)
Batting: LHB Fernando Ramírez 0-0: Swinging Strike
0-1: Swinging Strike
0-2: Strikes out swinging
Bottom of the 8th over - 0 run(s), 0 hit(s), 0 error(s), 0 left on base; D.C. 5 - Richardson City 6
TOP OF THE 9TH
D.C. Divided batting - Pitching for Richardson City Thundercats : RHP Juan Cruz
Pitching: RHP Dave Reed
Batting: LHB Tony Dyer 0-0: Ball
1-0: Swinging Strike
1-1: Ball
2-1: Ball
3-1: Base on Balls
Batting: RHB Tony Romero 0-0: Ball
1-0: Ball
2-0: Sac Bunt - play at first, batter OUT! 1-4
Tony Dyer to second
Batting: LHB Charles Mathes 0-0: Ground out 4-3 (Groundball, 34)
Tony Dyer to third
Batting: LHB Mike Gardner 0-0: Ball
1-0: Ball
2-0: Fly out, F7 (Flyball, 7LS)
Top of the 9th over - 0 run(s), 0 hit(s), 0 error(s), 1 left on base; D.C. 5 - Richardson City 6
Friday, December 30th, 2016 - OOTP Baseball 17.12 Build 75